 Dungeon Crawl Stone Soup version 0.30-a0-457-g4b7bca3bfa (webtiles) character file.

Game seed: 2023370414025966670

667 MisterAzrael the Firebug (level 7, -6/46 HPs)
             Began as a Demonspawn Fire Elementalist on Dec 12, 2022.
             Mangled by an ice beast (10 damage)
             ... on level 5 of the Dungeon.
             The game lasted 00:08:38 (4750 turns).

MisterAzrael the Firebug (DsFE)                     Turns: 4750, Time: 00:08:40

Health: -6/46      AC:  5    Str:  8    XL:     7   Next: 31%
Magic:  10/12      EV: 12    Int: 18    God:
Gold:   179        SH:  0    Dex: 14    Spells: 5/13 levels left

rFire   . . .      SeeInvis +    h - +4 short sword (speed)
rCold   . . .      Faith    .    (no shield)
rNeg    . . .      Spirit   .    a - +0 robe
rPois   .          Reflect  .    v - +0 helmet
rElec   .          Harm     .    (no cloak)
rCorr   .          Rampage  .    t - +0 pair of gloves
Will    .....                    (no boots)
Stlth   ++........               (no amulet)
HPRegen 0.27/turn                m - ring of see invisible
MPRegen 0.13/turn                (no ring)

@: no status effects
A: demonic guardian 1, foul stench 1, sharp scales 1
a: no special abilities


You were on level 5 of the Dungeon.
You visited 1 branch of the dungeon, and saw 5 of its levels.
You also visited: Sewer.

You collected 179 gold pieces.

Inventory:

Hand Weapons
 h - a +4 short sword of speed (weapon)
 i - a +0 triple crossbow
Missiles
 c - 2 poisoned darts
 o - 2 datura-tipped darts
Armour
 a - a +0 robe (worn)
 t - a +0 pair of gloves (worn)
 v - a +0 helmet (worn)
Jewellery
 m - a ring of see invisible (left hand)
Scrolls
 e - a scroll of enchant armour {unknown}
 f - 10 scrolls of identify {unknown}
 g - a scroll of torment {unknown}
 q - 2 scrolls of immolation {unknown}
 r - 4 scrolls of fog {unknown}
 u - 3 scrolls of teleportation
 x - a scroll of blinking {unknown}
 y - a scroll of acquirement {unknown}
Potions
 b - a potion of magic
 d - a potion of might {unknown}
 j - a potion of degeneration {unknown}
 k - a potion of ambrosia {unknown}
 l - 6 potions of flight
 n - a potion of curing {unknown}
 p - 2 potions of mutation {unknown}
 s - a potion of brilliance {unknown}
 w - a potion of attraction {unknown}
 z - a potion of heal wounds {unknown}


   Skills:
 - Level 2.1 Short Blades
 - Level 1.9 Dodging
 - Level 2.0 Stealth
 + Level 3.8 Spellcasting
 - Level 2.8 Conjurations
 * Level 3.1 Summonings
 * Level 2.7 Translocations
 - Level 4.0 Fire Magic


You had 5 spell levels left.
You knew the following spells:

 Your Spells              Type           Power      Damage    Failure   Level
a - Foxfire               Conj/Fire      60%        2x1d7     3%          1
b - Scorch                Fire           36%        2d6       4%          2
c - Summon Forest         Summ/Tloc      6%         N/A       77%         5

Your spell library contained the following spells:

 Spells                   Type           Power      Damage    Failure   Level
 Magic Dart               Conj           52%        1d5       4%          1
 Call Imp                 Summ           14%        N/A       6%          2
 Call Canine Familiar     Summ           14%        N/A       13%         3
 Kindle Blastsparks       Fire/Tloc/Air  22%        2d11      19%         3
 Inner Flame              Hex/Fire       10%        N/A       21%         3
 Portal Projectile        Hex/Tloc       16%        N/A       26%         3
 Mephitic Cloud           Conj/Pois/Air  6%         N/A       30%         3
 Flame Wave               Conj/Fire      15%        2d7       36%         4
 Leda's Liquefaction      Hex/Erth       1%         N/A       83%         4
 Eringya's Noxious Bog    Tmut/Pois      1%         N/A       100%        6
 Summon Hydra             Summ           7%         N/A       100%        7


Dungeon Overview and Level Annotations

Branches:
Dungeon (5/15)              Sewer (visited)
 Temple: D:4-7

Altars:

Shops:
D:2 *

Annotations:
D:4 2 transporters, Nyo's ghost, amateur GnHu
D:5 2 transporters


Innate Abilities, Weirdness & Mutations

A weak demonic guardian rushes to your aid.
You may rarely emit foul miasma when damaged in melee.
You are partially covered in razor-sharp scales. (AC +1, Slay +1)


Message History

You closely miss the ice beast. You punch the ice beast.
The ice beast is lightly wounded.
You closely miss the ice beast.
The ice beast is lightly wounded.
The ice beast closely misses you.
You closely miss the ice beast.
The ice beast is lightly wounded.
You hit the ice beast.
The ice beast is moderately wounded.
The ice beast closely misses you.
You completely miss the ice beast.
The ice beast is moderately wounded.
The ice beast closely misses you.
You barely miss the ice beast.
The ice beast is moderately wounded.
You closely miss the ice beast.
The ice beast is moderately wounded.
The ice beast hits you. The ice beast freezes you!
A demonic guardian appears!
You hit the ice beast but do no damage.
The ice beast is moderately wounded.
You hit the ice beast but do no damage. Your punch misses the ice beast.
The ice beast is moderately wounded.
The ice beast hits you. The ice beast freezes you.
Your white imp hits the ice beast.
Your white imp freezes the ice beast.
The ice beast completely resists.
The ice beast attacks as you move away!
The ice beast hits you but does no damage.
The ice beast attacks as you move away! The ice beast hits you.
The ice beast freezes you!
* * * LOW HITPOINT WARNING * * *
You are too injured to fight recklessly!
Casting: Foxfire (safe; 3% risk of failure)
Confirm with . or Enter, or press ? or * to list all spells.
Flames lash the ice beast.
The ice beast melts!
The ice beast is moderately wounded.
The ice beast's fire resistance burns away.
The ice beast hits you.
* * * LOW HITPOINT WARNING * * *
The ice beast freezes you!
You die...

.....#............#.....#
.....#............#.....#
.....#............#.....#
.....######..##...#.....#########
#'#......######...#..............
..#......#.[.#....#..............
..#......#...#....+..............
..#......#...#.<..#..............
.........#...'5Y@.#..............
.©.......#...#....#..............
#######..#...#....#.....#+###....
)©?.° #..#+######+#.....#...#....
#.................#...#....
#.................+...#....
#<................#...'..).
#.................#...#....
##.................#...#....


You could see an ice beast (combustible, ally target) and a friendly white imp
(summoned).

Vanquished Creatures
  A water moccasin (D:5)
  A black bear (D:5)
  A scorpion (D:5)
  A howler monkey (D:5)
  An iguana (D:5)
  A merfolk siren (Sewer)
  A merfolk avatar (Sewer)
  3 orc wizards (D:4)
  5 adders
  2 river rats (Sewer)
  An ufetubus (D:5)
  3 worms
  3 dart slugs
  3 orcs
  10 ball pythons
  4 endoplasms
  6 giant cockroaches
  10 hobgoblins
  A jackal (D:4)
  8 quokkas
  2 bats
  8 frilled lizards
  2 goblins
  4 kobolds
  26 rats
108 creatures vanquished.

Vanquished Creatures (collateral kills)
  An orc priest (D:4)
  An iguana (D:4)
  An orc (D:3)
  A bat (D:3)
  A hobgoblin (D:2)
  3 jackals (D:4)
  A rat (Sewer)
9 creatures vanquished.

Vanquished Creatures (others)
  201 foxfires
  6 plants (D:4)
207 creatures vanquished.

Grand Total: 324 creatures vanquished

Notes
Turn   | Place    | Note
-------+----------+-------------------------------------------
     0 | D:1      | MisterAzrael the Demonspawn Fire Elementalist began the
                  | quest for the Orb.
     0 | D:1      | Reached XP level 1. HP: 13/13 MP: 3/3
   265 | D:1      | Gained mutation: A weak demonic guardian rushes to your
                  | aid. [demonic ancestry]
   265 | D:1      | Reached XP level 2. HP: 15/19 MP: 0/5
   389 | D:1      | Learned a level 2 spell: Scorch
   878 | D:2      | Found a faded altar of an unknown god.
   915 | D:2      | Reached skill level 3 in Fire Magic
   943 | D:2      | Reached XP level 3. HP: 24/24 MP: 3/6
  1109 | D:2      | Found Qoneaj's Assorted Antiques.
  1777 | D:3      | Reached skill level 1 in Short Blades
  2025 | D:3      | Reached XP level 4. HP: 15/30 MP: 7/7
  2604 | D:4      | Found a glowing drain.
  2625 | Sewer    | Entered a sewer
  2929 | Sewer    | Reached XP level 5. HP: 35/35 MP: 6/9
  3372 | Sewer    | Learned a level 5 spell: Summon Forest
  3672 | D:4      | Found a transporter.
  3680 | D:4      | Noticed Nyo's ghost (amateur GnHu)
  3726 | D:4      | Gained mutation: You are partially covered in razor-sharp
                  | scales. (AC +1, Slay +1) [demonic ancestry]
  3726 | D:4      | Reached XP level 6. HP: 35/41 MP: 5/10
  3740 | D:4      | Reached skill level 1 in Summonings
  3740 | D:4      | Reached skill level 1 in Translocations
  3899 | D:4      | Found a transporter.
  3907 | D:4      | Identified the +5 spear of the Unkillable {venom, MP+9
                  | Str+3}
  3947 | D:5      | Entered Level 5 of the Dungeon
  4233 | D:5      | Reached skill level 4 in Fire Magic
  4380 | D:5      | Found a transporter.
  4389 | D:5      | Noticed a water moccasin
  4399 | D:5      | Killed a water moccasin
  4400 | D:5      | Gained mutation: You may rarely emit foul miasma when
                  | damaged in melee. [demonic ancestry]
  4400 | D:5      | Reached XP level 7. HP: 46/46 MP: 6/12
  4527 | D:5      | Found a transporter.
  4750 | D:5      | Mangled by an ice beast

Illustrated notes

Levels and vault maps discovered:
D:1:      minmay_arrival_glassed_features, layout_basic
D:2:      layout_basic, shapermc_ecumenical_altar_notcrosses, serial_shops, shop
D:3:      layout_loops_cross
D:4:      layout_rooms, gup_sewer_entry_pipe, gammafunk_ghost_gnarly_gnolls
D:5:      gammafunk_cloud_chamber, layout_gridville

Skill      XL: |  1  2  3  4  5  6  7 |
---------------+----------------------+-----
Stealth        | 2 |  2.0
Fire Magic     | 3 4 |  4.0
Short Blades   | 1 2 |  2.1
Conjurations   | 2 |  2.8
Spellcasting   | 3 |  3.8
Summonings     | 2 3 |  3.1
Translocations | 2 |  2.7
Dodging        | |  1.9

Action                   |  1- 3 |  4- 6 |  7- 9 || total
-------------------------+-------+-------+-------++-------
Melee: Short sword       |    83 |    36 |    44 ||   163
       Punch             |     1 |     1 |     3 ||     5
 Cast: Foxfire           |    28 |    91 |       ||   119
       Scorch            |       |    16 |     1 ||    17
 Stab: Sleeping          |     8 |       |       ||     8
Armor: Robe              |    16 |    18 |     2 ||    36
Dodge: Dodged            |    58 |    41 |    23 ||   122

Table legend: (Time is in decaauts)
 A = Elapsed time spent in this place.
 B = Non-inter-level travel time spent in this place.
 C = Inter-level travel time spent in this place.
 D = Time resting spent in this place.
 E = Time spent auto-exploring this place.
 F = Levels seen in this place.
 G = Mean time per level.
                   A        B        C        D        E       F      G
               +--------+--------+--------+--------+--------+-----+--------+
         Total |   4768 |   4667 |    101 |    229 |   3468 |   6 |  794.7 |
       Dungeon |   3813 |   3712 |    101 |    201 |   2852 |   5 |  762.6 |
         Sewer |    955 |    955 |      0 |     28 |    615 |   1 |  955.0 |
               +--------+--------+--------+--------+--------+-----+--------+

Top non-repeatable levels by time:
   Sewer: 955 daAuts
     D:3: 815 daAuts
     D:5: 785 daAuts
     D:1: 782 daAuts
     D:4: 721 daAuts
     D:2: 709 daAuts
